 Dungeon Crawl Stone Soup version 0.21.1-1-g345015f (webtiles) character file.

51 tidbits the Insei (level 3, 4/28 HPs)
             Began as a Gnoll Transmuter on Feb 10, 2018.
             Quit the game on level 5 of the Dungeon.
             The game lasted 00:03:24 (275 turns).

tidbits the Insei (Gnoll Transmuter)                 Turns: 275, Time: 00:03:25

Health: 4/28       AC:  2    Str: 12    XL:     3   Next: 83%
Magic:  2/9        EV: 14    Int: 16    God:
Gold:   45         SH:  0    Dex: 15    Spells: 6/12 levels left

rFire    . . .     SeeInvis .     - Unarmed
rCold    . . .     Gourm    .   (no shield)
rNeg     . . .     Faith    .   b - +0 robe
rPois    .         Spirit   .   (no helmet)
rElec    .         Reflect  .   (no cloak)
rCorr    .         Harm     .   (no gloves)
MR       .....                  (no boots)
Stlth    ++........             (no amulet)
HPRegen  0.09/turn              (no ring)
MPRegen  0.11/turn              (no ring)

@: lethally poisoned (4 -> -26)
A: distributed training, fangs 1, strong nose
a: no special abilities


You were on level 5 of the Dungeon.
You were not hungry.

You visited 1 branch of the dungeon, and saw 5 of its levels.

You collected 45 gold pieces.

Inventory:

Hand Weapons
 e - a cursed +0 war axe
 g - a +0 dagger
 i - a +0 mace of holy wrath
   (You found it on level 5 of the Dungeon)
Missiles
 a - 41 arrows
 f - 28 sling bullets
Armour
 b - a +0 robe (worn)
Wands
 h - a wand of flame (20)
Potions
 j - a potion of brilliance
Books
 c - a book of Changes

   Spells                             Type                      Level
   a - Beastly Appendage              Transmutation                1
   b - Sticks to Snakes               Transmutation                2
   c - Spider Form                    Transmutation/Poison         3
   d - Ice Form                       Ice/Transmutation            4
   e - Blade Hands                    Transmutation                5
Comestibles
 d - 2 rations


   Skills:
 + Level 2.6 Fighting
 + Level 0.9 Short Blades
 + Level 0.9 Long Blades
 + Level 0.9 Axes
 + Level 0.9 Maces & Flails
 + Level 0.9 Polearms
 + Level 0.9 Staves
 + Level 0.9 Slings
 + Level 0.9 Bows
 + Level 0.9 Crossbows
 + Level 0.9 Throwing
 + Level 0.9 Armour
 + Level 4.5 Dodging
 + Level 0.9 Stealth
 + Level 0.9 Shields
 + Level 6.5 Unarmed Combat
 + Level 5.0 Spellcasting
 + Level 0.6 Conjurations
 + Level 0.6 Hexes
 + Level 0.6 Charms
 + Level 0.6 Summonings
 + Level 0.6 Necromancy
 + Level 0.6 Translocations
 + Level 3.8 Transmutations
 + Level 0.6 Fire Magic
 + Level 0.6 Ice Magic
 + Level 0.6 Air Magic
 + Level 0.6 Earth Magic
 + Level 0.6 Poison Magic
 + Level 1.0 Invocations
 + Level 0.9 Evocations


You had 6 spell levels left.
You knew the following spells:

 Your Spells              Type           Power        Failure   Level  Hunger
e - Beastly Appendage     Tmut           ###...       3%          1    None
k - Sticks to Snakes      Tmut           ###.....     4%          2    #......
p - Spider Form           Tmut/Pois      ##........   19%         3    ###....


Dungeon Overview and Level Annotations

Branches:
Dungeon (5/15)
 Temple: D:4-7

Altars:
Gozag
Zin
The Shining One


Innate Abilities, Weirdness & Mutations

Your experience applies equally to all skills.
You have very sharp teeth.
Your uncanny sense of smell can sniff out nearby items.


Message History

You hit the dart slug.
The dart slug is poisoned.
The dart slug is moderately wounded.
You hit the dart slug.
The dart slug looks as sick as possible!
The dart slug is severely wounded.
You kill the dart slug!
You completely miss the dart slug. You bite the dart slug!
You kill the dart slug!
Your transformation has ended.
Your +0 robe unmelds from your body.
You see here a dart slug corpse.
You see here a war axe.
There is a stone staircase leading up here.
You see here a mace.
There is a stone staircase leading up here.
A dart slug comes into view.
Your magical contamination has completely faded away.
You see here 15 arrows.
Casting: Spider Form
Confirm with . or Enter, or press ? or * to list all spells.
You don't have enough magic to cast that spell.
Casting: Spider Form
Confirm with . or Enter, or press ? or * to list all spells.
You don't have enough magic to cast that spell.
a - 42 arrows (gained 15)
An ogre comes into view. It is wielding a giant spiked club.
Casting: Spider Form
Confirm with . or Enter, or press ? or * to list all spells.
You turn into a venomous arachnid creature.
Your +0 robe melds into your body.
The dart slug launches a dart at you. The slug dart misses you.
You hit the dart slug.
The dart slug is poisoned.
The dart slug is lightly wounded.
The dart slug completely misses you.
You hit the dart slug.
The dart slug is heavily wounded.
The dart slug misses you.
You bite the dart slug!
You kill the dart slug!
Your transformation is almost over.
The dart slug launches a dart at you. The slug dart misses you.
You hit the dart slug but do no damage.
The dart slug is poisoned.
You hit the dart slug.
The dart slug looks as sick as possible!
The dart slug is severely wounded.
You kill the dart slug!
Your transformation has ended.
Your +0 robe unmelds from your body.
You see here 28 sling bullets.
f - 28 sling bullets You see here a frilled lizard corpse.
There is a stone staircase leading up here.
You enter the shallow water.
Moving in this stuff is going to be slow.
Found a ration.
You see here a glowing mace.
i - a glowing mace You see here a ration.
d - 2 rations (gained 1)
You feel a little less agile now. As you open the door, it creaks loudly!
Found a scroll labeled PARYQE RIDO.
There is an open door here.
You see here a scroll labeled PARYQE RIDO.
l - a scroll labeled PARYQE RIDO
Okay, then.
Unknown command.
As you read the scroll labeled PARYQE RIDO, it crumbles to dust.
You feel strangely unstable.
It was a scroll of teleportation.
Your surroundings suddenly seem different.
Found 14 gold pieces.
A scorpion comes into view.
Unknown command.
Casting: Spider Form
Confirm with . or Enter, or press ? or * to list all spells.
You turn into a venomous arachnid creature.
Your +0 robe melds into your body.
Casting: Spider Form
Confirm with . or Enter, or press ? or * to list all spells.
You create a snake!
You now have 41 arrows.
The scorpion stings you!
* * * LOW HITPOINT WARNING * * *
You are lethally poisoned!
The scorpion poisons you!
Okay, then.
It was a potion of cancellation.
Your magical effects are unravelling.
You feel magically purged.
Your transformation has ended.
Your +0 robe unmelds from your body.
* * * LOW HITPOINT WARNING * * *
You feel sick. The scorpion stings you.
* * * LOW HITPOINT WARNING * * *
You are more poisoned.
The scorpion poisons you!
Your ball python closely misses the scorpion.
Your ball python barely misses the scorpion.
Are you sure you want to abandon this character and quit the game? (Confirm with "yes".)

.. #. .. ##.
.$ #.
#.###s###.#
#
#...S.@...#
#####.####.#
#. #. .. #.
##


You could see a scorpion and a friendly ball python.

Vanquished Creatures
  A hound (D:4)
  7 dart slugs (D:5)
  2 hobgoblins (D:2)
  A frilled lizard (D:5)
  A quokka skeleton (D:5)
12 creatures vanquished.

Notes
Turn   | Place    | Note
-------+----------+-------------------------------------------
     0 | D:1      | tidbits the Gnoll Transmuter began the quest for the Orb.
     0 | D:1      | Reached XP level 1. HP: 17/17 MP: 6/6
    64 | D:3      | Found an opulent altar of Gozag.
    72 | D:4      | Noticed an orc priest
   116 | D:4      | Noticed a hound
   129 | D:4      | Killed a hound
   129 | D:4      | Reached skill level 5 in Spellcasting
   129 | D:4      | Reached XP level 2. HP: 7/23 MP: 6/8
   129 | D:4      | Reached XP level 3. HP: 8/28 MP: 6/9
   133 | D:4      | Learned a level 2 spell: Sticks to Snakes
   137 | D:4      | Learned a level 3 spell: Spider Form
   155 | D:5      | Entered Level 5 of the Dungeon
   163 | D:4      | Found a glowing golden altar of the Shining One.
   163 | D:4      | Found a glowing silver altar of Zin.
   187 | D:5      | Reached skill level 1 in Invocations
   208 | D:5      | Noticed an ogre
   272 | D:5      | Noticed a scorpion
   275 | D:5      | Quit the game

Skill      XL: |  1  2  3 |
---------------+----------+-----
Spellcasting   | 5 |  5.0
Invocations    | 1 |  1.0
Fighting       | |  2.6
Short Blades   | |  0.9
Long Blades    | |  0.9
Axes           | |  0.9
Maces & Flails | |  0.9
Polearms       | |  0.9
Staves         | |  0.9
Slings         | |  0.9
Bows           | |  0.9
Crossbows      | |  0.9
Throwing       | |  0.9
Armour         | |  0.9
Dodging        | |  4.5
Stealth        | |  0.9
Shields        | |  0.9
Unarmed Combat | |  6.5
Conjurations   | |  0.6
Hexes          | |  0.6
Charms         | |  0.6
Summonings     | |  0.6
Necromancy     | |  0.6
Translocations | |  0.6
Transmutations | |  3.8
Fire Magic     | |  0.6
Ice Magic      | |  0.6
Air Magic      | |  0.6
Earth Magic    | |  0.6
Poison Magic   | |  0.6
Evocations     | |  0.9

Action                   || total
-------------------------++-------
Melee: Unarmed           ||    31
       Kick              ||     3
 Cast: Beastly Appendage ||     2
       Spider Form       ||     4
       Sticks to Snakes  ||     1
  Use: Scroll            ||     3
       Potion            ||     3
Armor: Robe              ||     1
Dodge: Dodged            ||    16

Table legend:
 A = Turns spent in this place as a percentage of turns spent in the entire game.
 B = Non-inter-level travel turns spent in this place as a percentage of non-inter-level travel turns spent in the entire game.
 C = Inter-level travel turns spent in this place as a percentage of turns spent in this place.
 D = Turns resting spent in this place as a percentage of non-inter-level travel turns spent in this place.
 E = Turns spent auto-exploring this place as a percentage of non-inter-level travel turns spent in this place.
 F = Non-inter-level travel turns spent in this place divided by the number of levels of this place that you've seen.
                   A       B       C       D       E      F
               +-------+-------+-------+-------+-------+----------------------
         Total | 100.0 | 100.0 |   0.0 |   0.0 |   0.0 |  55.0
       Dungeon | 100.0 | 100.0 |   0.0 |   0.0 |   0.0 |  55.0
               +-------+-------+-------+-------+-------+----------------------

Table legend:
 A = Kills in this place as a percentage of kills in entire the game.
 B = Kills by you in this place as a percentage of kills by you in the entire game.
 C = Kills by friends in this place as a percentage of kills by friends in the entire game.
 D = Other kills in this place as a percentage of other kills in the entire game.
 E = Experience gained in this place as a percentage of experience gained in the entire game.
 F = Experience gained in this place divided by the number of levels of this place that you have seen.
                   A       B       C       D       E      F
               +-------+-------+-------+-------+-------+----------------------
         Total | 100.0 | 100.0 |   N/A |   N/A | 100.0 |  14.8
       Dungeon | 100.0 | 100.0 |   N/A |   N/A | 100.0 |  14.8
               +-------+-------+-------+-------+-------+----------------------

Vault maps used:
D:1:      mrwooster_arrival_statue_3
D:2:      lemuel_round_altar, yredelemnul_forgotten_temple_becter
D:3:      grunt_temple_overflow_growth_and_decay, grunt_gozag_statues,
          vehumet_crystals, grunt_decor_cap, roderic_roman_lattice
D:4:      nicolae_overflow_hidden_temple, first_ration, ashenzari_altar_1
D:5:      kennysheep_slugbush, minivault_26, uniq_crazy_yiuf_cottage,
          uniq_eustachio
